 Dungeon Crawl Stone Soup version 0.17-a0-2002-g92c7e20 (webtiles) character file.

2643 4thArraOfDagon the Cleaver (level 9, 0/123 HPs)
             Began as a Deep Dwarf Berserker on Oct 8, 2015.
             Was a Believer of Trog.
             Slain by a yak (5 damage)
             ... on level 11 of the Dungeon.
             The game lasted 00:07:56 (1166 turns).

4thArraOfDagon the Cleaver (Deep Dwarf Berserker)   Turns: 1166, Time: 00:07:57

Health: 0/123      AC: 11    Str: 26    XL:     9   Next: 35%
Magic:  9/10       EV: 11    Int: 11    God:    Trog [**....]
Gold:   153        SH:  0    Dex: 12    Spells: 0 memorised, 8 levels left

rFire  . . .     SeeInvis .     e - +0 battleaxe
rCold  . . .     Clarity  .     o - +5 ring mail of Immorality {MR+}
rNeg   . . .     SustAt   .     (no shield)
rPois  .         Gourm    .     (no helmet)
rElec  .         Spirit   .     (no cloak)
rCorr  .         Warding  .     (no gloves)
rMut   .         Stasis   .     (no boots)
MR     ++...                    (no amulet)
Stlth  ..........               (no ring)
                                g - ring of flight

@: berserking, non-regenerating, very quick, very resistant to hostile
enchantments, extremely unstealthy
A: damage resistance, recharge devices, sense surroundings 2, slow regeneration
3
a: Device Recharging, Burn Spellbooks, Berserk, Trog's Hand, Renounce Religion,
Evoke Flight


You were on level 11 of the Dungeon.
You worshipped Trog.
Trog was pleased with you.
You were not hungry.

You visited 1 branch of the dungeon, and saw 11 of its levels.

You collected 153 gold pieces.

Inventory:

Hand Weapons
 a - a +0 hand axe
 e - a +0 battleaxe (weapon)
Armour
 n - a +0 plate armour
 o - the +5 ring mail of Immorality (worn) {MR+}
   (You found it on level 8 of the Dungeon)

   It affects your resistance to hostile enchantments.
Jewellery
 g - a ring of flight (left hand)
Wands
 c - a wand of heal wounds (2)
Scrolls
 b - 3 scrolls of fog
 f - a scroll of remove curse
 h - 2 scrolls of torment
 j - a scroll of noise {unknown}
 k - a scroll of blinking {unknown}
 l - a scroll of amnesia {unknown}
Comestibles
 d - 3 bread rations
 i - a beef jerky
 p - 4 fruits
 q - a meat ration


   Skills:
 + Level 6.1 Fighting
 * Level 10.1 Axes
 + Level 7.0 Armour
 - Level 2.1 Dodging
 + Level 4.6 Evocations


You had 8 spell levels left.
You didn't know any spells.

Dungeon Overview and Level Annotations

Branches:
Dungeon (11/15)              Lair (0/8) D:8
 Temple: D:4-7          Orc: D:9-12

Altars:
Dithmenos

Annotations:
D:5 1 exclusion


Innate Abilities, Weirdness & Mutations

You are resistant to damage.
You can recharge devices by infusing magical energy.
You passively map the area around you.
You do not regenerate naturally.


Message History

The yak gores you!
* * * LOW HITPOINT WARNING * * *
The orc throws a tomahawk.
The tomahawk hits you but does no damage.
The ice beast hits you but does no damage.
Unknown command.
You slash the purple ugly thing!
The purple ugly thing is heavily wounded.
You barely miss something. You closely miss the yak.
The yak is almost dead.
You hit the ice beast but do no damage. You slash the yak!
The yak is almost dead.
You hit the yak.
The yak is lightly wounded.
The purple ugly thing tentacle-slaps you!
* * * LOW HITPOINT WARNING * * *
The yak gores you!
* * * LOW HITPOINT WARNING * * *
The yak gores you.
You die...

,, ,
.......!.....#..,,
, ,
.................,
,,
.................
,,
,#................
, ,
##.......<.C.....,
, ,,
#................
, ,
........o........,
,,
,......Y)[........
, ,,
......)@u.....#..,
......YYY....##*.,
, , ,
....?.........# ,
≈ ≈
,....n.#.$..$.}..
, , ,
.....###$.......,
, *, ,
.$...,*......... ,
* .... .........,
, ≈ ≈%.. .....$. ,
, ≈ ,, ,, ,* ,


You could see a purple ugly thing, a cyclops, 3 yaks, an ice beast, a necrophage
and an orc.

Vanquished Creatures
  The ghost of Duffy the Carver, a novice FoBe of Trog (D:8)
  Grinder (D:3)
  3 yaks (D:11)
  A deep elf mage (D:8)
  Menkaure (D:6)
  3 orc warriors
  An ogre (D:8)
  2 centaurs
  A necrophage (D:8)
  A big kobold (D:8)
  A scorpion (D:5)
  A giant frog zombie (D:11)
  3 orc wizards
  2 orc priests
  3 worker ants
  Natasha (D:3)
  3 gnolls (D:8)
  2 adders
  A shadow imp (D:8)
  An ooze (D:1)
  2 worms
  3 giant geckos
  19 orcs
  4 bats
  5 goblins
  6 hobgoblins
  3 giant newts
  2 jackals (D:1)
  10 kobolds
87 creatures vanquished.

Notes
Turn   | Place    | Note
--------------------------------------------------------------
     0 | D:1      | 4thArraOfDagon the Deep Dwarf Berserker began the quest for the Orb.
     0 | D:1      | Reached XP level 1. HP: 20/20 MP: 1/1
     0 | D:1      | umm
   109 | D:1      | Reached XP level 2. HP: 22/27 MP: 2/2
   170 | D:2      | Reached skill level 4 in Axes
   196 | D:1      | Acquired Trog's second power
   196 | D:1      | Reached XP level 3. HP: 14/33 MP: 3/3
   270 | D:3      | Found a shadowy altar of Dithmenos.
   337 | D:3      | Noticed Grinder
   345 | D:3      | Killed Grinder
   345 | D:3      | Reached skill level 5 in Axes
   345 | D:3      | Reached XP level 4. HP: 24/44 MP: 4/4
   345 | D:3      | Reached XP level 5. HP: 27/50 MP: 5/5
   352 | D:3      | Noticed Natasha
   365 | D:3      | Killed Natasha
   392 | D:3      | Reached XP level 6. HP: 26/57 MP: 6/6
   478 | D:5      | Entered Level 5 of the Dungeon
   627 | D:5      | Reached skill level 6 in Axes
   678 | D:6      | Noticed Menkaure
   685 | D:6      | Killed Menkaure
   685 | D:6      | Reached XP level 7. HP: 40/64 MP: 7/7
   738 | D:7      | Reached skill level 7 in Axes
   771 | D:8      | Reached skill level 5 in Armour
   804 | D:8      | Noticed a deep elf mage
   838 | D:8      | Killed a deep elf mage
   838 | D:8      | Reached skill level 5 in Fighting
   838 | D:8      | Reached skill level 8 in Axes
   838 | D:8      | Reached XP level 8. HP: 26/74 MP: 8/8
   891 | D:8      | Noticed Duffy's ghost (novice FoBe)
   900 | D:8      | Reached skill level 1 in Evocations
   905 | D:8      | RI[p
   964 | D:8      | Killed Duffy's ghost
   964 | D:8      | Reached skill level 9 in Axes
   968 | D:8      | Got a crude ring mail
   983 | D:8      | Identified the +5 ring mail of Immorality {MR+} (You found it on level 8 of the Dungeon)
  1087 | D:8      | Found a staircase to the Lair.
  1107 | D:9      | Gained mutation: You passively map the area around you. [Deep Dwarf growth]
  1107 | D:9      | Reached XP level 9. HP: 57/82 MP: 9/9
  1130 | D:10     | Entered Level 10 of the Dungeon
  1148 | D:11     | Noticed a purple ugly thing
  1158 | D:11     | Noticed a cyclops
  1163 | D:11     | Reached skill level 10 in Axes
  1166 | D:11     | HP: 5/123 [yak (9)]
  1166 | D:11     | Slain by a yak

Vault maps used:
D:1:      sevenhm_arrival_forest_fort_small_5, st_stairs_12
D:2:      nicolae_overflow_quartered_altars, first_bread
D:3:      nicolae_dithmenos_through_a_glass_darkly, portal_sewer_entry_b,
          ecumenical_altar_2, uniq_grinder, uniq_natasha
D:4:      vehumet_statue
D:5:      mumra_celtic_spiral_tile, temple_statues, hangedman_glass_garden,
          lightli_minifort
D:6:      uniq_menkaure
D:7:      nicolae_overflow_hidden_temple, the_bakery, sigmund_army
D:8:      lemuel_ratsnest, lair_0_dummy, special_room
D:9:      xom_shifter_show
D:10:     basic_altar, special_room, minmay_misc_feat_four_crosses,
          lemuel_centaur_altar

Action                   |  1- 3 |  4- 6 |  7- 9 || total
-------------------------+-------+-------+-------++-------
Melee: Hand axe          |    61 |    57 |    47 ||   165
       Battleaxe         |       |       |    62 ||    62
Invok: Berserk           |     2 |     2 |     5 ||     9
       Trog's Hand       |     1 |     1 |     8 ||    10
 Abil: Device Recharging |       |       |     2 ||     2
Evoke: Wand              |       |       |    12 ||    12
  Use: Potion            |       |     1 |     2 ||     3
       Scroll            |       |       |     6 ||     6
  Eat: Chunk             |       |     3 |     5 ||     8
       Fruit             |       |       |     4 ||     4
